 Dungeon Crawl Stone Soup version 0.31-a0-237-g2d982f9f85 (webtiles) character file.

Game seed: 16882627708324009155

2718 qw the Skirmisher (level 9, 0/79 HPs)
             Began as a Minotaur Hexslinger on July 11, 2023.
             Slain by a boulder beetle (24 damage)
             ... on level 6 of the Dungeon.
             The game lasted 00:02:25 (6455 turns).

qw the Skirmisher (Minotaur Hexslinger)             Turns: 6455, Time: 00:02:26

Health: 0/79       AC:  5    Str: 18    XL:     9   Next: 39%
Magic:  9/9        EV: 13    Int:  9    God:
Gold:   349        SH:  0    Dex: 15    Spells: 9/10 levels left

rFire   . . .        f - +0 orcbow
rCold   . . .        (shield currently unavailable)
rNeg    + . .        b - +0 ring mail
rPois   +            (helmet restricted)
rElec   .            (no cloak)
rCorr   .            (no gloves)
SInv    .            (no boots)
Will    .....        g - amulet of the acrobat
Stlth   +            l - ring of positive energy
HPRegen 0.33/turn    (no ring)
MPRegen 0.11/turn

%: random rage (3%), acrobat
@: no status effects
A: horns 2, retaliatory headbutt, berserk 1, poison resistance, strong 1,
MP-powered wands, sturdy frame 1
a: no special abilities


You were on level 6 of the Dungeon.
You visited 2 branches of the dungeon, and saw 8 of its levels.

You collected 373 gold pieces.
You spent 24 gold pieces at shops.


Innate Abilities, Weirdness & Mutations

You have a pair of horns on your head.
You reflexively headbutt those who attack you in melee.
You sometimes lose your temper in combat.
Your system is resistant to poisons. (rPois)
Your muscles are strong. (Str +4, Int/Dex -1)
You expend magic power (3 MP) to strengthen your wands.
Your movements are slightly less encumbered by armour. (ER -2)


   Skills:
 + Level 7.1 Fighting
 - Level 12.0 Ranged Weapons
 - Level 2.2 Armour
 - Level 4.0 Dodging
 - Level 1.0 Spellcasting
 - Level 2.0 Hexes


You had 9 spell levels left.
You knew the following spells:

 Your Spells              Type           Power      Damage    Failure   Level
a - Slow                  Hex            16%        N/A       22%         1

Your spell library contained the following spells:

 Spells                   Type           Power      Damage    Failure   Level
 Inner Flame              Hex/Fire       2%         N/A       67%         3
 Portal Projectile        Hex/Tloc       4%         N/A       67%         3
 Cause Fear               Hex            2%         N/A       91%         4

Inventory:

Hand Weapons
 f - a +0 orcbow (weapon)
Armour
 b - a +0 ring mail (worn)
Jewellery
 g - an amulet of the acrobat (around neck)
 l - a ring of positive energy (left hand)
Scrolls
 a - 3 scrolls of teleportation
 c - 2 scrolls of identify
Potions
 d - 6 potions of curing
 e - a potion of haste
 h - a potion of might

Dungeon Overview and Level Annotations

Branches:
Dungeon (7/15)             Temple (1/1) D:7

Altars:
Ashenzari
Dithmenos
Gozag
Kikubaaqudgha
Makhleb
Nemelex Xobeh
Qazlal
Ru
Sif Muna
Trog
Uskayaw
Vehumet
Wu Jian
Xom
Yredelemnul
Zin
The Shining One

Shops:
D:4 *

Annotations:
D:3 1 runed translucent door


Message History

Done exploring.
(D) Dungeon (T) Temple
Where to? (* - list waypoints, Enter - D:7, ? - help)
What level of the Dungeon? (default 1, ? - help)
You climb downwards.
The boulder beetle bites you!!
There is a stone staircase leading up, spattered with blood here.
6446 ||| STAIRDANCE The boulder beetle closely misses you.
You climb upwards.
There is a stone staircase leading down here.
You shoot an arrow.
The arrow hits the boulder beetle but does no damage.
The boulder beetle bites you.
You shoot an arrow. The arrow hits the boulder beetle!
The boulder beetle is lightly wounded.
The boulder beetle bites you!
You shoot an arrow.
The arrow hits the boulder beetle but does no damage.
The boulder beetle is lightly wounded.
The boulder beetle bites you but does no damage.
You shoot an arrow.
The arrow hits the boulder beetle but does no damage.
The boulder beetle is lightly wounded.
The boulder beetle bites you!
You shoot an arrow.
The arrow hits the boulder beetle but does no damage.
The boulder beetle is lightly wounded.
The boulder beetle misses you. You furiously retaliate!
You headbutt the boulder beetle. You shoot an arrow.
The arrow hits the boulder beetle!
The boulder beetle is moderately wounded.
The boulder beetle bites you.
You shoot an arrow. The arrow hits the boulder beetle!
The boulder beetle is heavily wounded.
The boulder beetle bites you.
You shoot an arrow.
The arrow hits the boulder beetle but does no damage.
The boulder beetle is heavily wounded.
The boulder beetle bites you!!
You die...

#.##.####.............# #.#
#.##............#####.# #.#
#.##.####...##### #.# #.#
..##.# #...### #.# #.# ..##.#
#.....## #.# #.#####
..##.####.#....## #.# #.....#
............#...# #.# ##.####
........#.#.#..B#####.####.###
..#.#.#.#.#.##..@............#
.......%#.#.#########.####.#.##
..#.#.#.#.###########.........#
.........|....................#
#.#.#.#..####.......#..###.#.##
...........##.#####.#..###.#.#
##.#..#######.#............#.#
##.#.########.###.#.####.#.#.#
..................#.# #.#.#.#


You could see a boulder beetle.

Vanquished Creatures
  Grinder (D:4)
  Sigmund (D:3)
  2 water moccasins
  An ice beast (D:5)
  2 black bears (D:7)
  3 ogres
  2 centaurs (D:7)
  2 phantoms
  Blork the orc (D:5)
  3 bullfrogs
  5 scorpions
  3 wights (D:7)
  2 howler monkeys
  4 hounds
  An orc priest (D:5)
  A gnoll bouda (D:5)
  Ijyb (D:4)
  Terence (D:2)
  A sleepcap (D:7)
  5 iguanas
  4 gnolls (D:5)
  6 adders
  A white imp (D:5)
  An ufetubus (D:3)
  2 dart slugs
  6 orcs
  13 ball pythons
  5 endoplasms
  5 giant cockroaches
  9 goblins
  11 hobgoblins
  3 quokkas
  3 bats
  A frilled lizard (D:1)
  4 kobolds
  3 rats
119 creatures vanquished.

Notes
Turn   | Place    | Note
-------+----------+-------------------------------------------
     0 | D:1      | qw the Minotaur Hexslinger began the quest for the Orb.
     0 | D:1      | Reached XP level 1. HP: 16/16 MP: 1/1
     0 | D:1      | 0 ||| qw: Version: 0.3-a-52-g30416fa
     0 | D:1      | 0 ||| qw: Game counter: 5723
     0 | D:1      | 0 ||| qw: Melee chars always use a shield: true
     0 | D:1      | 0 ||| qw: God list: Okawaru
     0 | D:1      | 0 ||| qw: Allow faded altars: false
     0 | D:1      | 0 ||| qw: Do Orc after clearing Dungeon:15 true
     0 | D:1      | 0 ||| qw: Do second Lair branch before Depths: true
     0 | D:1      | 0 ||| qw: Lair rune preference: random
     0 | D:1      | 0 ||| qw: Goals: Normal
     0 | D:1      | 0 ||| PLANNING D:1-11
    96 | D:1      | Reached skill level 3 in Ranged Weapons
    99 | D:1      | Reached XP level 2. HP: 21/23 MP: 2/2
   413 | D:1      | Reached XP level 3. HP: 29/29 MP: 3/3
   589 | D:1      | Found a faded altar of an unknown god.
   604 | D:1      | Found a faded altar of an unknown god.
   842 | D:1      | 842 ||| UPGRADING to ring of positive energy.
   843 | D:1      | 843 ||| READING 5 scrolls labelled QAOQAL ZUAR.
   848 | D:1      | 848 ||| READING scroll labelled ESTOKO YLIURPH.
   849 | D:1      | 849 ||| READING scroll labelled IKHIHI YFUORIP.
   850 | D:1      | 850 ||| READING scroll labelled XIHIYF DEDI.
   851 | D:1      | 851 ||| READING scroll labelled NETOT GIGHU.
   852 | D:1      | 852 ||| DRINKING 2 coppery potions.
   853 | D:1      | 853 ||| DRINKING 2 golden potions.
   854 | D:1      | 854 ||| DROPPING scroll of poison.
  1041 | D:2      | Reached skill level 4 in Ranged Weapons
  1080 | D:2      | Found an ancient bone altar of Kikubaaqudgha.
  1218 | D:2      | Noticed Terence
  1223 | D:2      | Killed Terence
  1224 | D:2      | Reached XP level 4. HP: 30/36 MP: 4/4
  1356 | D:2      | 1356 ||| UPGRADING to +0 leather armour.
  1366 | D:2      | 1366 ||| DROPPING +0 robe.
  1367 | D:2      | 1367 ||| READING 2 scrolls labelled WIPA UXOIRUX.
  1368 | D:2      | 1368 ||| READING scroll of brand weapon.
  1368 | D:2      | 1368 ||| BRANDING +2 sling of draining.
  1369 | D:2      | 1369 ||| DRINKING 2 viscous golden potions.
  1369 | D:2      | Gained mutation: Your mind is acute. (Int +4, Str/Dex -1)
                  | [potion of mutation]
  1369 | D:2      | Gained mutation: You are clumsy. (Dex -2) [potion of
                  | mutation]
  1369 | D:2      | Gained mutation: You sometimes lose your temper in combat.
                  | [potion of mutation]
  1370 | D:2      | 1370 ||| DRINKING potion of mutation.
  1370 | D:2      | Lost mutation: Your mind is acute. (Int +4, Str/Dex -1)
                  | [potion of mutation]
  1370 | D:2      | Lost mutation: You are clumsy. (Dex -2) [potion of
                  | mutation]
  1370 | D:2      | Gained mutation: Your muscles are strong. (Str +4, Int/Dex
                  | -1) [potion of mutation]
  1370 | D:2      | Gained mutation: Your movements are slightly less
                  | encumbered by armour. (ER -2) [potion of mutation]
  1370 | D:2      | Gained mutation: Your system is resistant to poisons.
                  | (rPois) [potion of mutation]
  1370 | D:2      | Gained mutation: You expend magic power (3 MP) to
                  | strengthen your wands. [potion of mutation]
  1419 | D:3      | Noticed Sigmund
  1420 | D:3      | 1420 ||| FLEEEEING.
  1437 | D:3      | Killed Sigmund
  1438 | D:3      | Reached skill level 6 in Ranged Weapons
  1438 | D:3      | Reached XP level 5. HP: 31/41 MP: 5/5
  1486 | D:3      | Found an ancient bone altar of Kikubaaqudgha.
  1786 | D:3      | Noticed a human
  1893 | D:3      | Found a runed translucent door.
  1920 | D:3      | Found a basalt altar of Yredelemnul.
  1925 | D:3      | 1925 ||| READING scroll labelled CIAX VIECUNKAIL.
  1926 | D:3      | 1926 ||| READING scroll labelled TUQOKL SOSA.
  1927 | D:3      | 1927 ||| READING scroll labelled AVVAOK DELIT.
  1928 | D:3      | 1928 ||| DRINKING 3 fizzy white potions.
  1978 | D:3      | 1978 ||| DROPPING 2 potions of lignification.
  2009 | D:4      | 2009 ||| STAIRDANCE
  2012 | D:3      | Reached XP level 6. HP: 37/50 MP: 6/6
  2102 | D:4      | Noticed Ijyb
  2118 | D:4      | Killed Ijyb
  2323 | D:4      | Noticed Grinder
  2337 | D:4      | Paralysed by Grinder for 4 turns
  2343 | D:4      | Killed Grinder
  2484 | D:4      | Reached skill level 7 in Ranged Weapons
  2484 | D:4      | Reached XP level 7. HP: 61/61 MP: 7/7
  2514 | D:4      | Found Yxzamis's General Store.
  2522 | D:4      | 2522 ||| BUYING scroll of identify (24 gold).
  2522 | D:4      | Bought a scroll of identify for 24 gold pieces
  2901 | D:4      | 2901 ||| UPGRADING to +0 ring mail.
  2911 | D:4      | 2911 ||| DROPPING +0 leather armour.
  2912 | D:4      | 2912 ||| DRINKING 2 ruby potions.
  2913 | D:4      | 2913 ||| READING 3 scrolls of identify.
  2913 | D:4      | 2913 ||| IDENTIFYING amethyst potion
  2914 | D:4      | 2914 ||| READING 2 scrolls of identify.
  2914 | D:4      | 2914 ||| IDENTIFYING puce potion
  2915 | D:4      | 2915 ||| DROPPING potion of brilliance.
  2916 | D:4      | 2916 ||| DROPPING potion of attraction.
  2925 | D:5      | Entered Level 5 of the Dungeon
  3024 | D:5      | Noticed Blork the orc
  3036 | D:5      | 3036 ||| FLEEEEING.
  3037 | D:5      | 3037 ||| FLEEEEING.
  3045 | D:5      | HP: 11/61 [Blork the orc/+0 halberd (7)]
  3046 | D:5      | 3046 ||| READING 6 scrolls of teleportation.
  3047 | D:5      | 3047 ||| DRINKING 2 potions of heal wounds.
  3203 | D:5      | Killed Blork the orc
  3204 | D:5      | Reached skill level 8 in Ranged Weapons
  3370 | D:5      | HP: 12/61 [gnoll/+0 spear[a gnoll bouda] (5)]
  3371 | D:5      | 3371 ||| READING 5 scrolls of teleportation.
  3372 | D:5      | 3372 ||| DRINKING potion of heal wounds.
  3529 | D:5      | Reached skill level 9 in Ranged Weapons
  3529 | D:5      | Reached XP level 8. HP: 62/68 MP: 8/8
  3614 | D:5      | 3614 ||| FLEEEEING.
  3615 | D:5      | 3615 ||| FLEEEEING.
  3659 | D:5      | Found a shimmering altar of Xom.
  3878 | D:5      | Reached skill level 6 in Fighting
  3886 | D:5      | Reached skill level 3 in Dodging
  4274 | D:5      | 4274 ||| UPGRADING to amulet of the acrobat.
  4279 | D:5      | 4279 ||| DRINKING 2 sedimented green potions.
  4280 | D:5      | 4280 ||| READING 2 scrolls of identify.
  4280 | D:5      | 4280 ||| IDENTIFYING sapphire potion
  4281 | D:5      | 4281 ||| DROPPING potion of invisibility.
  4389 | D:6      | Reached skill level 10 in Ranged Weapons
  5238 | D:6      | 5238 ||| READING scroll labelled YXAASYB RUIWO.
  5239 | D:6      | 5239 ||| READING scroll labelled OLULOCUOGA.
  5399 | D:7      | Reached XP level 9. HP: 34/79 MP: 9/9
  5402 | D:7      | Reached skill level 11 in Ranged Weapons
  5723 | D:7      | 5723 ||| SWAPPING to +0 orcbow.
  5732 | D:7      | 5732 ||| DROPPING +2 sling of freezing.
  5929 | D:7      | Found a staircase to the Ecumenical Temple.
  5930 | D:7      | 5930 ||| PLANNING TEMPLE
  5966 | Temple   | Entered the Ecumenical Temple
  6170 | Temple   | 6170 ||| PLANNING D:1-11
  6226 | D:7      | Reached skill level 12 in Ranged Weapons
  6226 | D:7      | Noticed a boulder beetle
  6234 | D:7      | HP: 10/79 [boulder beetle (22)]
  6235 | D:7      | 6235 ||| READING 4 scrolls of teleportation.
  6277 | D:7      | 6277 ||| FLEEEEING.
  6278 | D:7      | 6278 ||| STAIRDANCE
  6446 | D:7      | 6446 ||| STAIRDANCE
  6455 | D:6      | Slain by a boulder beetle

Levels and vault maps discovered:
D:1:      dpeg_arrival_connections, layout_loops_ring,
          hellmonk_ecumenical_altar_the_god_not_taken, minivault_23
D:2:      layout_basic, basic_altar, uniq_terence
D:3:      layout_rooms, overflow_temple_1_default, dk_yredelemnul_ordeal,
          uniq_sigmund
D:4:      layout_basic, serial_shops, shop, uniq_grinder, uniq_ijyb
D:5:      layout_loops_ring, lemuel_tele_altar, kennysheep_potato,
          uniq_blork_the_orc
D:6:      layout_basic, serial_glass, glass_columns_c, glass_columns_b
D:7:      nzn_winding_woodlands_medium [nzn_winding_woodlands_5x5_checkerboard,
          nzn_winding_woodlands_5x15_crooked, nzn_winding_woodlands_5x5_three,
          nzn_winding_woodlands_5x5_cross,
          nzn_winding_woodlands_center_diamonds,
          nzn_winding_woodlands_5x5_closed_star,
          nzn_winding_woodlands_5x5_perimeter,
          nzn_winding_woodlands_5x15_jagged, nzn_winding_woodlands_hourglass],
          layout_basic, temple_statues, nicolae_shop_dragon_depot, minivault_11,
          uniq_menkaure, uniq_joseph
Temple:   eino_temple_water

Skill      XL: |  1  2  3  4  5  6  7  8  9 |
---------------+----------------------------+-----
Ranged Weapons | 3 4 6 7 9 10 12 | 12.0
Fighting       | 2 5 7 |  7.1
Armour         | 2 |  2.2
Dodging        | 3 4 |  4.0
Spellcasting   | |  1.0
Hexes          | |  2.0

Action                     |  1- 3 |  4- 6 |  7- 9 || total
---------------------------+-------+-------+-------++-------
   Fire: Sling             |    99 |   105 |   287 ||   491
         Orcbow            |       |       |    68 ||    68
    Use: Scroll            |     5 |     5 |     8 ||    18
         Potion            |     2 |     3 |     4 ||     9
 Armour: Robe              |     2 |       |       ||     2
         Leather armour    |       |     6 |       ||     6
         Ring mail         |       |       |    38 ||    38
  Dodge: Dodged            |    15 |    36 |   104 ||   155

Table legend:
 A = Non-vault XP
 B = Vault XP
 C = Vault XP percentage of total XP
 D = Non-vault monster count
 E = Vault monster count
 F = Vault count percentage of total count
                 A         B        C        D         E       F
            +---------+---------+-------+---------+---------+-------
      Total |    2683 |    1200 |  30.9 |     107 |      12 |  10.1
            +---------+---------+-------+---------+---------+-------
        D:1 |      53 |       0 |   0.0 |      28 |       0 |   0.0
        D:2 |      30 |      36 |  54.5 |      12 |       1 |   7.7
        D:3 |      40 |     226 |  85.0 |      12 |       1 |   7.7
        D:4 |     181 |     298 |  62.2 |      15 |       2 |  11.8
        D:5 |     909 |     267 |  22.7 |      18 |       4 |  18.2
        D:6 |     583 |       0 |   0.0 |      11 |       0 |   0.0
        D:7 |     887 |     373 |  29.6 |      11 |       4 |  26.7
            +---------+---------+-------+---------+---------+-------
